Map: Rifts to Korhal

Players

Pcsory

  • Race: Terran Terran
  • Spawn Location: 7:00

NamroodTuo

  • Race: Terran Terran
  • Spawn Location: 7:00

VOD

Have the link to the VOD?

Description

Time

  • Played on: Feb. 5, 2023, 5:14 a.m.
  • Length: 25:38
Show
View Real Time Build Order
Export as new Build Order

Pcsory Terran 

Build Orders:  

Get SALT Encoding   

  12  0:12  Refinery  
  12  0:22  Refinery  
  12  0:27  SCV  
  13  0:44  SCV  
  14  0:52  Supply Depot  
  14  1:08  Supply Depot  
  14  1:27  Barracks  
  14  1:32  SCV  
  15  2:07  Factory  
  15  2:08  SCV  
  16  2:25  SCV  
  17  2:42  SCV  
  18  2:59  SCV  
  19  3:14  Starport  
  19  3:16  SCV  
  19  3:17  Armory  
  20  3:33  SCV  
  21  3:50  SCV  
  22  4:07  Fusion Core, SCV  
  22  4:08  Starport Tech Lab  
  23  4:24  SCV  
  23  4:28  Terran Vehicle and Ship Weapons Level 1  
  24  4:44  SCV  
  25  5:01  SCV  
  26  5:18  Supply Depot  
  26  5:21  Supply Depot  
  26  5:24  Supply Depot  
  26  5:29  Supply Depot  
  26  5:31  Supply Depot  
  26  5:35  Supply Depot  
  26  5:41  Supply Depot  
  26  5:59  Battlecruiser  
  32  6:11  Supply Depot  
  32  6:56  Command Center  
  32  7:08  Terran Vehicle And Ship Armor Level 1  
  32  7:30  Battlecruiser  
  38  7:48  Supply Depot  
  38  7:52  Supply Depot  
  38  8:07  Orbital Command  
  38  8:18  Refinery  
  38  8:34  Refinery  
  38  8:57  Battlecruiser  
  44  9:40  Starport, SCV  
  44  9:48  Advanced Optics  
  45  9:57  SCV  
  46  10:14  SCV  
  47  10:31  SCV  
  48  10:47  SCV  
  49  10:58  Starport Tech Lab  
  49  11:47  Terran Vehicle and Ship Weapons Level 2  
  49  11:49  Battlecruiser  
  55  12:31  Battlecruiser  
  61  13:03  Battlecruiser  
  67  13:14  Battlecruiser  
  73  13:43  SCV  
  73  13:45  Battlecruiser  
  80  14:00  SCV  
  81  14:28  Battlecruiser  
  87  14:57  Terran Vehicle And Ship Armor Level 2  
  87  15:11  Battlecruiser  
  93  15:30  Battlecruiser  
  99  15:44  Supply Depot  
  99  15:46  Supply Depot  
  99  15:59  Battlecruiser  
  105  18:07  Terran Vehicle and Ship Weapons Level 3  
  105  19:18  Battlecruiser  
  111  20:01  Battlecruiser  
  117  20:17  Battlecruiser  
  123  20:43  Battlecruiser  
  123  21:26  Battlecruiser  
  117  22:38  Battlecruiser  
  123  23:21  Battlecruiser  
  129  24:04  Battlecruiser  
Show
View Real Time Build Order
Export as new Build Order

NamroodTuo Terran 

Build Orders:  

Get SALT Encoding   

  12  0:03  SCV  
  13  0:17  SCV  
  14  0:30  SCV  
  14  0:35  Supply Depot  
  15  0:45  SCV  
  16  0:59  SCV  
  17  1:12  SCV  
  17  1:16  Factory  
  18  1:26  SCV  
  19  1:55  Perdition Turret  
  19  1:57  SCV  
  20  2:05  Supply Depot  
  20  2:10  SCV  
  20  2:13  Perdition Turret  
  21  2:28  Supply Depot, Devastation Turret  
  21  2:31  SCV  
  22  2:44  SCV  
  23  2:58  SCV  
  24  3:05  Refinery  
  24  3:11  SCV  
  24  3:12  Supply Depot  
  25  3:21  Refinery  
  25  3:25  SCV  
  26  3:38  SCV  
  27  3:50  Devastation Turret  
  27  3:52  SCV  
  28  4:06  Perdition Turret  
  28  4:24  Armory  
  28  4:25  Engineering Bay  
  28  4:29  SCV  
  29  4:31  Perdition Turret  
  29  4:38  Perdition Turret  
  29  4:43  SCV  
  30  4:56  SCV  
  31  5:03  Perdition Turret  
  31  5:10  SCV  
  32  5:21  Devastation Turret  
  32  5:34  Perdition Turret  
  32  5:42  Perdition Turret  
  32  5:43  Perdition Turret  
  32  5:44  Perdition Turret  
  30  5:55  Fire-Suppression Systems  
  30  6:14  SCV  
  31  6:27  SCV  
  32  6:35  Command Center  
  32  6:41  SCV  
  33  6:54  SCV  
  33  6:55  KMC Auto-Loaders  
  34  7:06  Upgrade Laser Drill Level 1  
  34  7:08  SCV  
  35  7:10  Regenerative Bio-Steel  
  35  7:51  Devastation Turret  
  35  8:04  Refinery  
  35  8:05  Refinery  
  35  8:08  Perdition Turret  
  35  8:18  SCV  
  36  8:32  SCV  
  36  8:33  Perdition Turret  
  37  8:45  SCV  
  38  8:57  Devastation Turret  
  38  8:59  SCV  
  39  9:12  SCV  
  40  9:25  Spinning Dizzy  
  40  9:26  SCV  
  41  9:37  Supply Depot  
  41  9:38  SCV  
  41  9:39  SCV  
  42  9:49  Supply Depot  
  43  9:50  Spinning Dizzy  
  43  9:51  SCV  
  43  9:53  SCV  
  43  9:59  Spinning Dizzy  
  45  10:06  SCV  
  45  10:09  Supply Depot  
  46  10:20  Supply Depot  
  46  10:26  Advanced Optics  
  46  10:27  Perdition Turret  
  46  10:44  Upgrade Laser Drill Level 2  
  46  10:47  SCV  
  47  11:01  SCV  
  48  11:14  SCV  
  49  11:21  Hi-Sec Auto Tracking  
  49  11:28  SCV  
  50  11:37  Factory Tech Reactor, Factory  
  50  11:42  SCV  
  50  11:46  Factory  
  51  11:55  SCV  
  52  12:19  SCV  
  52  12:21  Structure Armor  
  52  12:26  Terran Vehicle and Ship Weapons Level 1  
  53  12:33  SCV  
  54  12:46  SCV  
  54  12:48  Supply Depot  
  55  12:53  Factory Tech Reactor  
  55  12:54  Factory Tech Reactor  
  55  12:56  330mm Barrage Cannon  
  55  13:00  SCV  
  56  13:13  Starport, SCV  
  57  13:21  Supply Depot  
  57  13:44  Thor x2  
  57  13:45  Thor  
  57  13:47  Thor  
  57  13:48  Thor  
  87  13:53  Supply Depot  
  87  14:06  Starport Tech Reactor  
  87  14:13  Supply Depot  
  87  14:24  Supply Depot  
  87  14:27  Thor  
  93  14:39  Thor  
  99  14:44  Supply Depot  
  99  14:45  Perdition Turret  
  99  15:06  Terran Vehicle And Ship Armor Level 1  
  99  15:07  Perdition Turret  
  99  15:15  Supply Depot  
  99  15:36  Improved Nano-Repair  
  99  15:39  Science Vessel x2  
  103  15:46  Supply Depot  
  103  15:48  Thor  
  103  15:49  Thor  
  115  15:52  Thor  
  121  16:17  Supply Depot  
  121  16:19  Thor  
  127  16:27  Science Vessel x2  
  131  16:48  Supply Depot  
  131  17:14  Science Vessel  
  131  17:15  Science Vessel  
  135  17:50  Thor  
  135  17:51  Thor x4  
  165  18:01  Supply Depot  
  165  18:21  Thor  
  165  18:23  Thor  
  153  18:34  Supply Depot  
  165  19:05  Supply Depot  
  165  19:38  Thor x3  
  165  19:39  Supply Depot  
  183  19:46  Science Vessel  
  185  20:11  Supply Depot  
  179  21:21  Science Vessel x2  
  183  21:37  Thor  
  183  21:41  Thor  
  183  21:45  Thor  
  155  22:03  Thor  
  155  22:09  Science Vessel x2  
  183  22:57  Science Vessel  
  183  22:58  Science Vessel  
  187  23:56  Thor  
  187  24:01  Thor  
Tags
 
Commander
RaynorSwann
Matchup
Co-op
Replay Pack
Multiplayer
Add a new tag
Caveats
  • Supply blocks, unpowered buildings, or Contaminate may cause inaccurate times.
  • Supply counts are checked every 10 seconds.